 Dungeon Crawl Stone Soup version 0.17.2-1-ge4368a0 (webtiles) character file.

23 tidbits the Insei (level 2, -2/22 HPs)
             Began as a Demigod Transmuter on Sept 22, 2017.
             Slain by a hobgoblin (3 damage)
             ... on level 1 of the Dungeon.
             The game lasted 00:03:27 (382 turns).

tidbits the Insei (Demigod Transmuter)               Turns: 382, Time: 00:03:27

Health: -2/22      AC:  2    Str: 13    XL:     2   Next: 54%
Magic:  7/7        EV: 12    Int: 17    God:
Gold:   30         SH:  0    Dex: 16    Spells: 2 memorised, 2 levels left

rFire  . . .     SeeInvis .       - Unarmed
rCold  . . .     Clarity  .     b - +0 robe
rNeg   . . .     SustAt   +     (no shield)
rPois  .         Gourm    .     (no helmet)
rElec  .         Spirit   .     (no cloak)
rCorr  .         Warding  .     (no gloves)
rMut   .         Stasis   .     (no boots)
MR     .....                    (no amulet)
Stlth  ++........               (no ring)
                                n - ring of stealth

@: appendage, not resistant to hostile enchantments, unstealthy
A: horns 2, high mp 1, sustain attributes
a: End Transformation


You were on level 1 of the Dungeon.
You were not hungry.
You had grown temporary horns.
You visited 1 branch of the dungeon, and saw 3 of its levels.

You collected 30 gold pieces.

Inventory:

Missiles
 a - 19 arrows
 e - 17 poisoned needles
 o - 17 stones (quivered)
Armour
 b - a +0 robe (worn)
Jewellery
 n - a ring of stealth (left hand)
   (You found it on level 2 of the Dungeon)
Scrolls
 f - a scroll of teleportation {unknown}
 k - a scroll of immolation {unknown}
 l - a scroll of noise {unknown}
 m - a scroll of identify {unknown}
Potions
 g - a potion of resistance {unknown}
 h - a potion of heal wounds {unknown}
 i - 3 potions of curing {unknown}
 j - a potion of degeneration {unknown}
Books
 c - a book of Changes

   Spells                             Type                      Level
   a - Beastly Appendage              Transmutation                1
   b - Sticks to Snakes               Transmutation                2
   c - Spider Form                    Transmutation/Poison         3
   d - Ice Form                       Ice/Transmutation            4
   e - Blade Hands                    Transmutation                5
Comestibles
 d - 4 bread rations


   Skills:
 - Level 0.8 Fighting
 - Level 1.7 Dodging
 * Level 3.1 Unarmed Combat
 - Level 2.0 Spellcasting
 + Level 2.3 Transmutations


You had 2 spell levels left.
You knew the following spells:

 Your Spells              Type           Power        Failure   Level  Hunger
e - Beastly Appendage     Trmt           #.....       10%         1    #......
k - Sticks to Snakes      Trmt           #.........   14%         2    ###....


Dungeon Overview and Level Annotations

Branches:
Dungeon (3/15)


Innate Abilities, Weirdness & Mutations

You have an increased reservoir of magic (+10% MP).
Your attributes are resistant to harm.
You have a pair of horns on your head.


Message History

You hit the adder.
The adder is severely wounded.
The adder misses you.
Your ball python closely misses the adder.
Your ball python grabs the adder.
Your ball python constricts the adder.
The adder bites you.
* * * LOW HITPOINT WARNING * * *
You hit the adder but do no damage. You claw the adder.
You kill the adder!
Your Unarmed Combat skill increases to level 3!
You see here an orc corpse.
Your talons disappear.
You see here a hobgoblin corpse.
n - a scratched onyx ring Put on which piece of jewellery? (? for menu, Esc to quit)
n - a ring of stealth (left hand)
The goblin shouts!
The goblin throws a stone.
The stone hits you.
* * * LOW HITPOINT WARNING * * *
You swap places.
You see here a hobgoblin corpse.
You see here an orc corpse.
Wield which item (- for none, * to show all)? (? for menu, Esc to quit)
a - 20 arrows (in hand)
You swing at nothing.
You swing at nothing.
Your ball python withers and dies!
Wield which item (- for none, * to show all)? (? for menu, Esc to quit)
You are now empty-handed.
Casting: Sticks to Snakes
Confirm with . or Enter, or press ? or * to list all spells.
Your feet morph into talons.
Casting: Beastly Appendage
Confirm with . or Enter, or press ? or * to list all spells.
You create a snake!
The goblin throws a stone.
The stone hits your ball python but does no damage.
Found 11 gold pieces.
The goblin hits you with a dagger.
* * * LOW HITPOINT WARNING * * *
Your ball python misses the goblin.
Your ball python closely misses the goblin.
You hit the goblin.
You kill the goblin!
Things that are here:
a dagger; 17 stones
o - 17 stones Your transformation is almost over.
d - 3 bread rations (gained 1)
Your ball python withers and dies!
Your talons disappear.
You see here a robe.
You now have 30 gold pieces (gained 11).
Found a bread ration.
Found a dagger.
d - 4 bread rations (gained 1)
Found a stone staircase leading up.
You see here a dagger.
There is a stone staircase leading up here.
You climb upwards.
A goblin and a kobold come into view.
There is a stone staircase leading down here.
The kobold shouts!
The goblin shouts!
You hear a shout!
Casting: Sticks to Snakes
Confirm with . or Enter, or press ? or * to list all spells.
You grow a pair of large bovine horns.
The goblin closely misses you.
You hit the goblin.
You kill the goblin!
A hobgoblin comes into view.
You hit the kobold but do no damage. Your headbutt misses the kobold.
The kobold hits you with a short sword.
* * * LOW HITPOINT WARNING * * *
You closely miss the kobold. The kobold hits you but does no damage.
You hit the kobold.
You kill the kobold!
You hit the hobgoblin. Your headbutt misses the hobgoblin.
The hobgoblin is almost dead.
The hobgoblin closely misses you.
You hit the hobgoblin but do no damage.
You headbutt the hobgoblin, but do no damage.
The hobgoblin is almost dead.
The hobgoblin barely misses you.
You closely miss the hobgoblin.
The hobgoblin is almost dead.
The hobgoblin hits you but does no damage.
You completely miss the hobgoblin. Your headbutt misses the hobgoblin.
The hobgoblin is almost dead.
The hobgoblin completely misses you.
You barely miss the hobgoblin.
The hobgoblin is almost dead.
The hobgoblin hits you.
* * * LOW HITPOINT WARNING * * *
You barely miss the hobgoblin.
The hobgoblin is almost dead.
The hobgoblin hits you.
* * * LOW HITPOINT WARNING * * *
You closely miss the hobgoblin.
The hobgoblin is almost dead.
The hobgoblin hits you.
You die...

.. ... #.
.. #. ..
# #. . .#
#. .#..
.##.. #
#..#
#.##g.#
#..@##..#
#.#.# ##
# ###


You could see a hobgoblin.

Vanquished Creatures
  An adder (D:2)
  An orc (D:2)
  2 goblins
  4 hobgoblins
  A bat (D:2)
  A giant newt (D:2)
  3 kobolds (D:1)
13 creatures vanquished.

Notes
Turn   | Place    | Note
--------------------------------------------------------------
     0 | D:1      | tidbits the Demigod Transmuter began the quest for the Orb.
     0 | D:1      | Reached XP level 1. HP: 15/15 MP: 5/5
    88 | D:1      | Reached skill level 2 in Transmutations
   156 | D:2      | Reached skill level 2 in Spellcasting
   216 | D:3      | Noticed an orc wizard
   224 | D:3      | Found a faded altar to an unknown god.
   243 | D:2      | Reached XP level 2. HP: 8/22 MP: 5/7
   248 | D:2      | Learned a level 2 spell: Sticks to Snakes
   294 | D:2      | Reached skill level 3 in Unarmed Combat
   380 | D:1      | HP: 2/22 [hobgoblin (2)]
   382 | D:1      | Slain by a hobgoblin

Action                   || total
-------------------------++-------
Melee: Unarmed           ||    46
 Cast: Beastly Appendage ||    10
       Sticks to Snakes  ||     3
 Stab: Sleeping          ||     1

Table legend:
 A = Turns spent in this place as a percentage of turns spent in the entire game.
 B = Non-inter-level travel turns spent in this place as a percentage of non-inter-level travel turns spent in the entire game.
 C = Inter-level travel turns spent in this place as a percentage of turns spent in this place.
 D = Turns resting spent in this place as a percentage of non-inter-level travel turns spent in this place.
 E = Turns spent auto-exploring this place as a percentage of non-inter-level travel turns spent in this place.
 F = Non-inter-level travel turns spent in this place divided by the number of levels of this place that you've seen.
                   A       B       C       D       E      F
               +-------+-------+-------+-------+-------+----------------------
         Total | 100.0 | 100.0 |   0.0 |   0.0 |   0.0 | 114.0
       Dungeon | 100.0 | 100.0 |   0.0 |   0.0 |   0.0 | 114.0
               +-------+-------+-------+-------+-------+----------------------

Table legend:
 A = Kills in this place as a percentage of kills in entire the game.
 B = Kills by you in this place as a percentage of kills by you in the entire game.
 C = Kills by friends in this place as a percentage of kills by friends in the entire game.
 D = Other kills in this place as a percentage of other kills in the entire game.
 E = Experience gained in this place as a percentage of experience gained in the entire game.
 F = Experience gained in this place divided by the number of levels of this place that you have seen.
                   A       B       C       D       E      F
               +-------+-------+-------+-------+-------+----------------------
         Total | 100.0 | 100.0 |  -nan |  -nan | 100.0 |  11.0
       Dungeon | 100.0 | 100.0 |  -nan |  -nan | 100.0 |  11.0
               +-------+-------+-------+-------+-------+----------------------

Vault maps used:
D:1:      dpeg_arrival_tiny_a, st_stairs_7
D:2:      lemuel_upstairs_altar
D:3:      serial_glass, glass_columns_a, glass_columns_b, item_on_display_a,
          item_on_display_a, ecumenical_altar_1, serial_bayou_ford_a
